 Dungeon Crawl Stone Soup version 0.22.1-1-ga44c0e56f4 (webtiles) character file.

44 JedernureinKreuz the Conjurer (level 3, -7/26 HPs)
             Began as a Demigod Conjurer on Sept 27, 2018.
             Mangled by a gnoll
             ... wielding a +0 halberd
              (11 damage)
             ... on level 2 of the Dungeon.
             The game lasted 00:04:24 (1039 turns).

JedernureinKreuz the Conjurer (Demigod Conjurer)    Turns: 1039, Time: 00:04:25

Health: -7/26      AC:  2    Str: 11    XL:     3   Next: 23%
Magic:  6/8        EV: 12    Int: 21    God:
Gold:   53         SH:  3    Dex: 16    Spells: 5/6 levels left

rFire    . . .     SeeInvis .   o - +2 flail (drain)
rCold    . . .     Gourm    .   l - +0 buckler
rNeg     . . .     Faith    .   a - +0 robe
rPois    .         Spirit   .   (no helmet)
rElec    .         Reflect  .   (no cloak)
rCorr    .         Harm     .   (no gloves)
MR       +....                  (no boots)
Stlth    ++........             (no amulet)
HPRegen  0.08/turn              e - ring of protection from magic
MPRegen  0.11/turn              (no ring)

@: drained
A: high mp 1
a: no special abilities


You were on level 2 of the Dungeon.
You were not hungry.

You visited 1 branch of the dungeon, and saw 2 of its levels.

You collected 53 gold pieces.

Inventory:

Hand Weapons
 b - a +0 spear
 m - a +0 short sword
 o - a +2 flail of draining (weapon)
Missiles
 g - 32 arrows
 i - 8 curare-tipped needles
Armour
 a - a +0 robe (worn)
 l - a +0 buckler (worn)
Jewellery
 e - a ring of protection from magic (left hand)
Scrolls
 j - a scroll of enchant weapon {unknown}
 k - a scroll of enchant armour {unknown}
 n - a scroll of blinking {unknown}
 q - a scroll of teleportation {unknown}
Potions
 d - a potion of curing {unknown}
 f - a potion of invisibility {unknown}
 h - a potion of haste {unknown}
Comestibles
 c - 2 rations


   Skills:
 + Level 0.5(0.4) Short Blades
 - Level 0.5(0.4) Polearms
 + Level 2.2(2.1) Dodging
 + Level 2.2 Stealth
 + Level 2.2(2.1) Spellcasting
 + Level 3.8 Conjurations


You had 5 spell levels left.
You knew the following spells:

 Your Spells              Type           Power        Failure   Level  Hunger
a - Magic Dart            Conj           ###.         4%          1    #......

Your spell library contained the following spells:

 Spells                   Type           Power        Failure   Level  Hunger
 Searing Ray              Conj           ###...       8%          2    ##.....
 Dazzling Spray           Conj/Hex       ##....       32%         3    ###....
 Iskenderun's Mystic Bla  Conj           ###.....     45%         4    #####..
 Force Lance              Conj/Tloc      ##......     73%         4    #####..
 Fulminant Prism          Conj/Hex       ##........   73%         4    #####..


Dungeon Overview and Level Annotations

Branches:
Dungeon (2/15)


Innate Abilities, Weirdness & Mutations

You have an increased reservoir of magic. (+10% MP)


Message History

You hear a shout!
You miss the jackal.
The jackal bites you but does no damage.
The jackal closely misses you. You block the gnoll's attack.
You hit the jackal but do no damage. The jackal barely misses you.
The gnoll hits you with a whip! The jackal barely misses you.
A gnoll comes into view.
The gnoll hits you from afar with a spear.
You hit the gnoll.
You kill the gnoll!
You block the jackal's attack.
The gnoll hits you from afar with a spear.
The jackal closely misses you.
A gnoll comes into view. It is wielding a halberd.
The gnoll shouts!
The gnoll hits you from afar with a spear!
* * * LOW HITPOINT WARNING * * *
A kobold comes into view. It is wielding a club.
The gnoll hits you from afar with a halberd!
You die...

#. #. #.
. .####
##...#
##...##
##@hg..#
#<#.)..#
#g###g#.#
.K# #.#.#
##. #.# #
. #.# ##
#!# ..#


You could see 3 gnolls, a jackal and a kobold.

Vanquished Creatures
  2 gnolls
  A dart slug (D:1)
  3 giant cockroaches (D:1)
  2 goblins (D:1)
  5 hobgoblins (D:1)
  3 frilled lizards
  5 kobolds (D:1)
  2 rats (D:1)
23 creatures vanquished.

Notes
Turn   | Place    | Note
-------+----------+-------------------------------------------
     0 | D:1      | JedernureinKreuz the Demigod Conjurer began the quest for
                  | the Orb.
     0 | D:1      | Reached XP level 1. HP: 14/14 MP: 5/5
   241 | D:1      | Reached XP level 2. HP: 18/20 MP: 7/7
   804 | D:1      | Reached XP level 3. HP: 26/26 MP: 3/8
  1039 | D:2      | Mangled by a gnoll

Skill      XL: |  1  2 |
---------------+-------+-----
Stealth        | 2 |  2.2
Dodging        | 2 |  2.2
Spellcasting   | 2 |  2.2
Short Blades   | |  0.5
Polearms       | |  0.5
Conjurations   | |  3.8

Action                   || total
-------------------------++-------
Melee: Spear             ||     4
       Short sword       ||     4
       Flail             ||     7
 Cast: Magic Dart        ||    33
 Stab: Sleeping          ||     1
  Eat: Chunk             ||     1
Armor: Robe              ||     2
Dodge: Dodged            ||     7
Block: Buckler           ||     3
